 Dungeon Sprint DCSS version 0.26-a0-651-gb41185065b (webtiles) character file.

Game seed: 8225649687281421847

61075 sahdkjhfkaj the Fencer (level 15, -23/109 HPs)
             Began as a Gargoyle Gladiator on Sept 29, 2020.
             Was the Champion of Okawaru.
             Annihilated by Antaeus
             ... wielding an uncursed staff of fire
              (31 damage)
             ... in the Dungeon (Sprint V: "Ziggurat Sprint").
             The game lasted 00:06:10 (1917 turns).

sahdkjhfkaj the Fencer (Gargoyle Gladiator)         Turns: 1917, Time: 00:06:11

Health: -23/109    AC: 56    Str: 34    XL:     15   Next: 1%
Magic:  0/26       EV: 14    Int:  6    God:    Okawaru [******]
Gold:   0          SH: 43    Dex: 11    Spells: 14/14 levels left

rFire    + . .     SeeInvis .   a - +7 Sulking Sword {vorpal, sonic wave}
rCold    + . .     Faith    .   I - +18 shield of the Gong {rElec rN+ MR+ EV-5}
rNeg     + + .     Spirit   +   J - +27 Lear's hauberk
rPois    ∞         Reflect  .   (helmet currently unavailable)
rElec    +         Harm     .   c - +0 cloak of the Blind Marksman {+Inv rCorr Int-5 Slay+6}
rCorr    +         Rampage  .   (gloves currently unavailable)
MR       ++...     NoTele   +   (boots currently unavailable)
Stlth    ..........             K - brooch of Shielding {Spirit SH+8}
HPRegen  0.28/turn              F - +6 ring of strength
MPRegen  0.20/turn              E - +6 ring of strength

@: mighty, resistant, heroism, finesse, hasted, silenced, very quick
A: big wings, negative energy resistance 1, electricity resistance, unbreathing,
petrification resistance, rot immunity, AC +11
a: Fly, Renounce Religion, Evoke Invisibility


You were in the Dungeon.
You worshipped Okawaru.
Okawaru was exalted by your worship.
You visited 1 branch

Inventory:

Hand Weapons
 a - the +7 Sulking Sword (weapon) {vorpal, sonic wave}
   (You found it in the Dungeon)

   It inflicts extra damage upon your enemies.
Missiles
 d - 3 throwing nets (quivered)
Armour
 c - the +0 cloak of the Blind Marksman (worn) {+Inv rCorr Int-5 Slay+6}
   (You found it in the Dungeon)

   It affects your intelligence (-5).
   It affects your accuracy and damage with ranged weapons and melee attacks
   (+6).
   It lets you turn invisible.
   It provides partial protection from all sources of acid and corrosion.
 I - the +18 shield of the Gong (worn) {rElec rN+ MR+ EV-5}
   (You found it in the Dungeon)

   It affects your evasion (-5).
   It insulates you from electricity.
   It protects you from negative energy.
   It affects your resistance to hostile enchantments.
 J - the +27 Lear's hauberk (worn)
   (You found it in the Dungeon)
Jewellery
 z - an uncursed ring of flight
 A - a +6 ring of dexterity
 B - a +6 ring of dexterity
 C - a +6 ring of intelligence
 D - a +6 ring of intelligence
 E - a +6 ring of strength (right hand)
 F - a +6 ring of strength (left hand)
 K - the brooch of Shielding (around neck) {Spirit SH+8}
   (You found it in the Dungeon)

   [amulet of guardian spirit]

   It causes incoming damage to be split between your health and magic.
   It affects your SH (+8).
Wands
 w - a wand of disintegration (7)
 x - a wand of iceblast (7)
 y - a wand of acid (7)
Scrolls
 j - 4 scrolls of blinking
 q - 4 scrolls of amnesia
 r - 7 scrolls of fog
 s - a scroll of holy word
 t - 5 scrolls of identify
 u - 5 scrolls of remove curse
 v - 2 scrolls of fear
Potions
 e - 8 potions of curing
 f - 18 potions of heal wounds
 g - 9 potions of haste
 h - 7 potions of magic
 i - 3 potions of berserk rage
 k - 2 potions of brilliance
 l - 2 potions of invisibility
 m - 3 potions of resistance
 n - a potion of experience
 o - 5 potions of stabbing
 p - 4 potions of might
Miscellaneous
 b - a condenser vane (2/2)
 G - a lightning rod (4/4)


   Skills:
 + Level 18.7(23.7) Fighting
 * Level 19.3(24.3) Long Blades
 - Level 1.7(6.7) Throwing
 + Level 16.5(21.5) Armour
 + Level 13.4(18.4) Dodging
 - Level 15.0(20.0) Shields
 - Level 15.0 Invocations
 + Level 12.9 Evocations


You had 14 spell levels left.
You didn't know any spells.
Your spell library was empty.

Dungeon Overview and Level Annotations

Branches:
Dungeon (1/1)

Altars:
Ashenzari
Cheibriados
Dithmenos
Elyvilon
Fedhas
Gozag
Hepliaklqana
Kikubaaqudgha
Makhleb
Nemelex Xobeh
Okawaru
Qazlal
Ru
Sif Muna
Trog
Uskayaw
Vehumet
Wu Jian
Xom
Yredelemnul
Zin
The Shining One
Beogh
Jiyva
Lugonu

Annotations:
D Antaeus, Asmodeus, Ereshkigal, Gloorx Vloq, Jory, Roxanne, Serpent of Hell


Innate Abilities, Weirdness & Mutations

You are resistant to torment.
Your stone body is resilient. (AC +11)
You are immune to poison.
Your large and strong wings let you fly indefinitely.
You resist negative energy. (rN+)
You are resistant to electric shocks. (rElec)
You can survive without breathing.
You are immune to petrification.
You are immune to rotting.


Message History

Unknown command.
Unknown command.
Unknown command.
Unknown command.
Unknown command.
Unknown command.
Unknown command.
Unknown command.
Unknown command.
You slash Gloorx Vloq!
Gloorx Vloq is heavily wounded.
You are engulfed in blazing flames.
You resist.
You block the Serpent of Hell's attack. x2
The Serpent of Hell bites you but does no damage.
You block the Serpent of Hell's attack. x2; Gloorx Vloq barely misses you.
Antaeus is engulfed in poison gas.
Antaeus looks as sick as possible!
Antaeus hits you with an uncursed staff of fire!
* * * LOW HITPOINT WARNING * * *
Antaeus freezes you!! You resist.
You die...

▓..[|:|}[
.§§§§§§§[||☼8§.▓......).
.§§§§§§§:§§§§§.▓...)....
.§§§§§§))§§§...▓......).
..§☼§§.§§§§§...▓........
..§§§§§2)§§§...▓........
..§○§D3&☼§§....▓..▓.....
.....1DVC1.....▓.▓▓▓....
.....&3@&§○....▓..▓.....
....☼.3§1○○....▓........
.......○○○○....▓......©.
...▓..○○...▓...▓▓▓▓▓▓▓▓▓
...............▓.....8©8
...............▓.))):}|[
.......©.......▓..[.)=):
▓▓▓▓▓▓▓▓▓▓▓▓▓▓▓▓........
▓........


You could see Antaeus (extremely poisoned), Asmodeus (clouds), Gloorx Vloq,
Ereshkigal (silencing), the Serpent of Hell (catching breath), Roxanne, Jory, an
ice dragon (summoned), a reaper (summoned), 3 Executioners and 3 sun demons.

Vanquished Creatures
  Mara (D)
  Saint Roka (D)
  A lich (D)
  Rupert (D)
  A deep elf blademaster (D)
  Polyphemus (D)
  Agnes (D)
  2 acid blobs (D)
  Frances (D)
  Donald (D)
  A deep elf sorcerer (D)
  2 azure jellies (D)
  A ghost moth (D)
  2 emperor scorpions (D)
  2 ghouls (D)
  A deep elf elementalist (D)
  A vampire knight (D)
  A deep elf demonologist (D)
  A yellow draconian (D)
  A deep elf annihilator (D)
  4 great orbs of eyes (D)
  3 death oozes (D)
  2 deep elf high priests (D)
  Erica (D)
  3 dancing weapons (D)
  A vampire mage (D)
  4 soul eaters (D)
  A deep elf knight (D)
  2 hell knights (D)
  2 deep elf archers (D)
  9 deep elf magi (D)
  Pikel (D)
  2 orb spiders (D)
  2 necromancers (D)
  A shining eye (D)
  A moth of wrath (D)
  A wolf spider (D)
  9 draconians (D)
  A naga mage (D)
  Psyche (D)
  Joseph (D)
  7 eyes of devastation (D)
  2 hellions (D)
  2 red devils (D)
  2 demonic crawlers (D)
  A jumping spider (D)
  2 hornets (D)
  5 merfolk (D)
  14 slime creatures (D)
  A hippogriff (D)
  A flying skull (D)
  A tarantella (D)
  Sigmund (D)
  2 shadows (D)
  2 redbacks (D)
  2 air elementals (D)
  2 wraiths (D)
  5 golden eyes (D)
  2 floating eyes (D)
  3 hell hounds (D)
  2 eyes of draining (D)
  A necrophage (D)
  4 phantoms (D)
  A centaur (D)
  2 bullfrogs (D)
  Dowan (D)
  3 wights (D)
  4 jellies (D)
  2 iguanas (D)
  3 orc wizards (D)
  Terence (D)
  4 adders (D)
  A white imp (D)
  2 ufetubi (D)
  8 oozes (D)
  A spectral adder (D)
  2 adder skeletons (D)
  An adder zombie (D)
  A spectral bat (D)
  7 bat skeletons (D)
  3 bat zombies (D)
  A ball python (D)
  A giant cockroach zombie (D)
  A leopard gecko zombie (D)
  2 quokka skeletons (D)
  2 quokka zombies (D)
  A spectral giant cockroach (D)
  A spectral leopard gecko (D)
  A spectral quokka (D)
197 creatures vanquished.

Vanquished Creatures (others)
  A dancing weapon (D)
  A wight (D)
  A bat skeleton (D)
  A bat zombie (D)
4 creatures vanquished.

Grand Total: 201 creatures vanquished

Notes
Turn   | Place    | Note
-------+----------+-------------------------------------------
     0 | D        | sahdkjhfkaj the Gargoyle Gladiator began the quest for the
                  | Orb.
     0 | D        | Reached XP level 1. HP: 12/12 MP: 1/1
     0 | D        | Found a shimmering blue altar of Sif Muna.
     0 | D        | Found a sacrificial altar of Ru.
     0 | D        | Found a bloodstained altar of Trog.
     0 | D        | Found a stormy altar of Qazlal.
     0 | D        | Found an iron altar of Okawaru.
     0 | D        | Found a sparkling altar of Nemelex Xobeh.
     0 | D        | Found a blossoming altar of Fedhas.
     1 | D        | Found the +6 Majin-Bo {vamp, MP+6 Int+6}
     1 | D        | Found the +9 heavy crossbow "Sniper" {vorpal, Acc+∞ SInv}
     1 | D        | Found the +10 dark maul {vorpal}
     1 | D        | Found the +15 Maxwell's patent armour {-Cast -Tele rElec
                  | MR+ rCorr}
     1 | D        | Found the +18 shield of the Gong {rElec rN+ MR+ EV-5}
     1 | D        | Found the cursed +14 obsidian axe {vorpal, +Fly SInv
                  | *Curse}
     1 | D        | Found the +7 great mace "Firestarter" {inner flame, rF++}
     1 | D        | Found the +6 shillelagh "Devastator" {shatter}
     1 | D        | Found the +11 plutonium sword {*Contam Stlth-}
     1 | D        | Found the +8 lance "Wyrmbane" {slay drac, rPois rF+ rC+
                  | AC+3}
     1 | D        | Found the +9 sword of Zonguldrok {reap}
     1 | D        | Found the cursed +13 scythe of Curses {drain, *Curse}
     1 | D        | Found the +0 sword of Power
     1 | D        | Found the +7 mace of Variability {chain chaos}
     1 | D        | Found the +7 Singing Sword {vorpal, sonic wave}
     1 | D        | Found the +8 storm bow {elec, penet}
     2 | D        | Found a transporter.
     2 | D        | Found an ancient bone altar of Kikubaaqudgha.
     2 | D        | Found a viscous altar of Jiyva.
     2 | D        | Found a corrupted altar of Lugonu.
     2 | D        | Found a hazy altar of Hepliaklqana.
     2 | D        | Found a burning altar of Makhleb.
     2 | D        | Found an opulent altar of Gozag.
    59 | D        | Became a worshipper of Warmaster Okawaru
    67 | D        | Entered arena 2.
    67 | D        | Noticed a draconian
    67 | D        | Noticed a draconian
    67 | D        | Found a transporter.
    75 | D        | Killed a draconian
    75 | D        | Reached * piety under Okawaru
    75 | D        | Reached ** piety under Okawaru
    75 | D        | Reached *** piety under Okawaru
    75 | D        | Reached skill level 8 in Long Blades
    75 | D        | Reached skill level 5 in Dodging
    75 | D        | Reached XP level 2. HP: 23/23 MP: 2/2
    75 | D        | Reached XP level 3. HP: 28/28 MP: 3/3
    75 | D        | Reached XP level 4. HP: 32/32 MP: 4/4
    75 | D        | Reached XP level 5. HP: 37/37 MP: 5/5
    75 | D        | Reached XP level 6. HP: 42/42 MP: 6/6
    81 | D        | Killed a draconian
    81 | D        | Reached **** piety under Okawaru
    81 | D        | Reached skill level 9 in Long Blades
    81 | D        | Reached XP level 7. HP: 49/49 MP: 7/7
    85 | D        | Entered arena 3.
    85 | D        | Found a transporter.
    93 | D        | Reached skill level 10 in Long Blades
   100 | D        | Entered arena 4.
   100 | D        | Found a transporter.
   104 | D        | Reached skill level 1 in Invocations
   104 | D        | Reached XP level 8. HP: 55/55 MP: 8/8
   105 | D        | Reached skill level 1 in Evocations
   112 | D        | Entered arena 5.
   112 | D        | Noticed a deep elf archer
   112 | D        | Noticed an air elemental
   112 | D        | Noticed a +6 scimitar of holy wrath
   112 | D        | Noticed a deep elf archer
   112 | D        | Found a transporter.
   115 | D        | Killed a +6 scimitar of holy wrath
   120 | D        | Killed a deep elf archer
   122 | D        | Killed an air elemental
   122 | D        | Reached ***** piety under Okawaru
   126 | D        | Killed a deep elf archer
   126 | D        | Reached skill level 11 in Long Blades
   126 | D        | Reached XP level 9. HP: 40/62 MP: 9/12
   241 | D        | Entered arena 6.
   241 | D        | Found a transporter.
   242 | D        | Found the brooch of Shielding {Spirit SH+8}
   242 | D        | Found the +27 Lear's hauberk
   289 | D        | Entered arena 7.
   289 | D        | Noticed a naga mage
   290 | D        | Found a transporter.
   293 | D        | Reached skill level 10 in Fighting
   297 | D        | Killed a naga mage
   297 | D        | Reached skill level 5 in Invocations
   303 | D        | Entered arena 8.
   304 | D        | Found a transporter.
   308 | D        | Received a gift from Okawaru
   352 | D        | Entered arena 9.
   352 | D        | Noticed a merfolk
   352 | D        | Noticed a merfolk
   352 | D        | Noticed a merfolk
   352 | D        | Noticed a merfolk
   352 | D        | Noticed a merfolk
   353 | D        | Identified the +4 scimitar of the Devouring Oracle {vorpal,
                  | rPois MR+}
   353 | D        | Found a transporter.
   356 | D        | Reached skill level 12 in Long Blades
   356 | D        | Reached skill level 10 in Armour
   361 | D        | Killed a merfolk
   365 | D        | Killed a merfolk
   365 | D        | Reached skill level 5 in Evocations
   365 | D        | Reached XP level 10. HP: 62/68 MP: 11/14
   365 | D        | Reached skill level 5 in Shields
   381 | D        | Entered arena 10.
   381 | D        | Noticed a yellow draconian
   381 | D        | Noticed a draconian
   381 | D        | Noticed a draconian
   381 | D        | Noticed a draconian
   381 | D        | Noticed a draconian
   381 | D        | Noticed a draconian
   381 | D        | Noticed a draconian
   381 | D        | Noticed a draconian
   382 | D        | Identified the +2 hand axe "Pum Cuof" {drain, +Inv MR+}
   382 | D        | Found a transporter.
   390 | D        | Killed a draconian
   390 | D        | Killed a draconian
   391 | D        | Killed a draconian
   394 | D        | Killed a yellow draconian
   394 | D        | Reached skill level 13 in Long Blades
   394 | D        | Killed a draconian
   394 | D        | Killed a draconian
   394 | D        | Reached XP level 11. HP: 49/74 MP: 9/16
   395 | D        | Killed a draconian
   398 | D        | Killed a draconian
   514 | D        | Entered arena 11.
   514 | D        | Noticed a +0 mace of venom
   514 | D        | Noticed a deep elf knight
   514 | D        | Noticed a deep elf mage
   514 | D        | Noticed a deep elf mage
   514 | D        | Noticed a deep elf mage
   514 | D        | Noticed a deep elf mage
   514 | D        | Noticed a +1 war axe of electrocution
   514 | D        | Noticed a deep elf elementalist
   514 | D        | Noticed a deep elf mage
   515 | D        | Found the ring of the Mage {Wiz MR++ Int+3}
   515 | D        | Identified the +2 falchion of Ugoe {vorpal, Str+7 Dex-4}
   515 | D        | Found a transporter.
   517 | D        | Killed a +0 mace of venom
   517 | D        | Reached ****** piety under Okawaru
   524 | D        | Killed a deep elf mage
   526 | D        | Killed a deep elf mage
   526 | D        | Received a gift from Okawaru
   528 | D        | Killed a deep elf elementalist
   528 | D        | Reached skill level 10 in Shields
   530 | D        | Killed a deep elf mage
   530 | D        | Reached skill level 14 in Long Blades
   530 | D        | Killed a +1 war axe of electrocution
   530 | D        | Killed a deep elf mage
   533 | D        | Killed a deep elf mage
   534 | D        | Killed a deep elf knight
   534 | D        | Received a gift from Okawaru
   534 | D        | Reached skill level 10 in Dodging
   685 | D        | Entered arena 12.
   685 | D        | Noticed a hell knight
   687 | D        | Found a transporter.
   693 | D        | Reached XP level 12. HP: 74/82 MP: 16/19
   700 | D        | Received a gift from Okawaru
   738 | D        | Entered arena 13.
   738 | D        | Noticed a soul eater
   738 | D        | Noticed a soul eater
   739 | D        | Noticed a soul eater
   739 | D        | Noticed a ghoul
   739 | D        | Noticed a soul eater
   741 | D        | Found a transporter.
   743 | D        | Killed a soul eater
   747 | D        | Killed a soul eater
   747 | D        | Reached skill level 10 in Invocations
   748 | D        | Killed a soul eater
   749 | D        | Killed a soul eater
   752 | D        | Killed a ghoul
   752 | D        | Reached skill level 15 in Long Blades
   801 | D        | Got the +0 cloak of the Blind Marksman {+Inv rCorr Int-5
                  | Slay+6}
   808 | D        | Entered arena 14.
   809 | D        | Noticed a deep elf high priest
   809 | D        | Noticed a deep elf sorcerer
   809 | D        | Noticed a deep elf high priest
   809 | D        | Noticed a deep elf demonologist
   810 | D        | Noticed an Executioner
   810 | D        | Noticed a deep elf blademaster
   810 | D        | Noticed a deep elf annihilator
   814 | D        | Noticed a reaper
   824 | D        | Killed a deep elf high priest
   825 | D        | Killed a deep elf high priest
   825 | D        | Killed a deep elf sorcerer
   825 | D        | Received a gift from Okawaru
   829 | D        | Killed a deep elf demonologist
   829 | D        | Killed a deep elf blademaster
   830 | D        | Killed a deep elf annihilator
   830 | D        | Reached XP level 13. HP: 47/88 MP: 8/21
   831 | D        | Found a transporter.
  1002 | D        | Entered arena 15.
  1003 | D        | Noticed a ghoul
  1004 | D        | Noticed a vampire knight
  1006 | D        | Found a transporter.
  1018 | D        | Killed a vampire knight
  1018 | D        | Reached skill level 16 in Long Blades
  1020 | D        | Killed a ghoul
  1020 | D        | Reached skill level 10 in Evocations
  1047 | D        | Entered arena 16.
  1048 | D        | Noticed a death ooze
  1049 | D        | Noticed a great orb of eyes
  1050 | D        | Found a transporter.
  1053 | D        | Killed a death ooze
  1053 | D        | Received a gift from Okawaru
  1056 | D        | Killed a great orb of eyes
  1064 | D        | Reached skill level 15 in Shields
  1096 | D        | Entered arena 17.
  1138 | D        | Noticed an emperor scorpion
  1140 | D        | Found a transporter.
  1140 | D        | Noticed an emperor scorpion
  1144 | D        | Reached skill level 15 in Fighting
  1146 | D        | Received a gift from Okawaru
  1147 | D        | Killed an emperor scorpion
  1149 | D        | Reached skill level 17 in Long Blades
  1156 | D        | Killed an emperor scorpion
  1157 | D        | Killed a ghost moth
  1295 | D        | Entered arena 18.
  1298 | D        | Noticed a lich
  1300 | D        | Found the +8 trident of the Octopus King {venom, rElec
                  | rPois MR+}
  1301 | D        | Found a transporter.
  1304 | D        | Gained mutation: Your large and strong wings let you fly
                  | indefinitely. [Gargoyle growth]
  1304 | D        | Reached XP level 14. HP: 36/100 MP: 5/23
  1306 | D        | Killed a lich
  1310 | D        | Reached skill level 15 in Armour
  1655 | D        | Entered arena 19.
  1661 | D        | Found the +6 arbalest "Damnation" {damnation}
  1661 | D        | Noticed an acid blob
  1661 | D        | Noticed an acid blob
  1665 | D        | Found a transporter.
  1671 | D        | Reached skill level 18 in Long Blades
  1672 | D        | Killed an acid blob
  1673 | D        | Received a gift from Okawaru
  1676 | D        | Killed an acid blob
  1739 | D        | Entered arena 20.
  1747 | D        | Found the ring of Shadows {Umbra +Inv Stlth+}
  1747 | D        | Noticed an azure jelly
  1747 | D        | Noticed an azure jelly
  1748 | D        | Found a transporter.
  1748 | D        | Paralysed by a floating eye for 4 turns
  1755 | D        | Killed an azure jelly
  1761 | D        | Killed an azure jelly
  1883 | D        | Acquired a scarf of harm
  1890 | D        | Entered arena 21.
  1894 | D        | Noticed Joseph
  1894 | D        | Noticed Rupert
  1894 | D        | Noticed Gloorx Vloq
  1894 | D        | Noticed Agnes
  1894 | D        | Noticed the Serpent of Hell
  1894 | D        | Noticed Jory
  1894 | D        | Noticed Sigmund
  1895 | D        | Noticed Ereshkigal
  1895 | D        | Identified the +7 sceptre of Asmodeus
  1895 | D        | Noticed Asmodeus
  1895 | D        | Noticed Polyphemus
  1895 | D        | Noticed Erica
  1895 | D        | Noticed Donald
  1895 | D        | Noticed Psyche
  1895 | D        | Noticed Saint Roka
  1895 | D        | Noticed Pikel
  1895 | D        | Noticed Mara
  1895 | D        | Noticed Dowan
  1896 | D        | Noticed an iron dragon
  1896 | D        | Noticed Terence
  1896 | D        | Noticed Antaeus
  1896 | D        | Noticed Frances
  1896 | D        | Identified Roxanne's Tome of Moulding
  1896 | D        | Noticed Roxanne
  1897 | D        | Noticed an Executioner
  1897 | D        | Noticed an Executioner
  1897 | D        | Noticed an Executioner
  1899 | D        | Killed Terence
  1899 | D        | Killed Dowan
  1899 | D        | Killed Pikel
  1899 | D        | Killed Erica
  1899 | D        | Killed Donald
  1899 | D        | Killed Sigmund
  1899 | D        | Killed Psyche
  1899 | D        | Killed Joseph
  1899 | D        | Killed Agnes
  1899 | D        | Received a gift from Okawaru
  1904 | D        | Killed Frances
  1904 | D        | Reached skill level 19 in Long Blades
  1904 | D        | Killed Polyphemus
  1904 | D        | Killed Saint Roka
  1904 | D        | Received a gift from Okawaru
  1904 | D        | Killed Rupert
  1905 | D        | Killed Mara
  1905 | D        | Reached skill level 15 in Invocations
  1905 | D        | Reached XP level 15. HP: 61/109 MP: 7/26
  1915 | D        | Noticed an Executioner
  1915 | D        | Noticed an Executioner
  1915 | D        | Noticed an Executioner
  1915 | D        | Noticed an Executioner
  1917 | D        | Annihilated by Antaeus

Illustrated notes

Levels and vault maps discovered:
D:        sprint_v [room_start, room_1, room_2, room_3, room_4, room_5, room_6,
          room_7, room_8, room_9, room_10, room_11, room_12, room_13, room_14,
          room_15, room_16, room_17, room_18, room_19, room_20, room_21,
          room_22, room_23, room_24, room_25, room_26, room_27]

Skill      XL: |  1  2  3  4  5  6  7  8  9 10 11 12 13 14 |
---------------+-------------------------------------------+-----
Fighting       | 6 8 9 10 11 12 13 16 18 | 18.7
Long Blades    | 8 9 10 11 12 13 14 15 17 19 | 19.3
Armour         | 6 7 8 9 10 11 12 13 14 16 | 16.5
Dodging        | 5 6 7 8 9 10 12 13 | 13.4
Invocations    | 1 4 6 7 9 11 12 15 | 15.0
Evocations     | 3 5 6 8 9 11 12 | 12.9
Shields        | 4 8 11 13 15 | 15.0
Throwing       | |  1.7

Action                   |  1- 3 |  4- 6 |  7- 9 | 10-12 | 13-15 || total
-------------------------+-------+-------+-------+-------+-------++-------
Melee: Double sword      |     7 |     5 |    53 |    70 |   106 ||   241
Invok: Heroism           |       |       |       |     2 |     5 ||     7
       Finesse           |       |       |       |     2 |     5 ||     7
Evoke: Condenser vane    |       |       |       |       |     1 ||     1
  Use: Potion            |       |       |       |       |     5 ||     5
       Scroll            |       |       |       |       |     1 ||     1
Armor: Plate armour      |     3 |     2 |    15 |       |       ||    20
       Chain mail        |       |       |     8 |    30 |    62 ||   100
Dodge: Dodged            |       |       |     8 |     8 |    28 ||    44
Block: Kite shield       |    11 |     4 |   101 |   115 |   158 ||   389
       Rpst.: Double sword |       |       |       |     3 |     5 ||     8

Table legend: (Time is in decaauts)
 A = Elapsed time spent in this place.
 B = Non-inter-level travel time spent in this place.
 C = Inter-level travel time spent in this place.
 D = Time resting spent in this place.
 E = Time spent auto-exploring this place.
 F = Levels seen in this place.
 G = Mean time per level.
                   A        B        C        D        E       F      G
               +--------+--------+--------+--------+--------+-----+--------+
         Total |   1836 |   1836 |      0 |   1129 |    187 |   1 | 1836.0 |
       Dungeon |   1836 |   1836 |      0 |   1129 |    187 |   1 | 1836.0 |
               +--------+--------+--------+--------+--------+-----+--------+

Top non-repeatable levels by time:
       D: 1836 daAuts
